 Dungeon Crawl Stone Soup version 0.16.1-51-g6203257 (webtiles) character file.

2823 namelastname112 the Cleaver (level 9, 0/78 HPs)
             Began as a Mottled Draconian Venom Mage on Aug 5, 2015.
             Was a Follower of Elyvilon.
             Slain by an orc warrior
             ... wielding a +0 trident
              (15 damage)
             ... in a bailey.
             The game lasted 00:21:53 (8939 turns).

namelastname112 the Cleaver (DrVM)                  Turns: 8939, Time: 00:21:53

Health: 0/78       AC: 10    Str: 11      XL:     9   Next: 45%
Magic:  14/16      EV: 15    Int: 15      God:    Elyvilon [*.....]
Gold:   374        SH:  0    Dex: 13 (15) Spells: 1 memorised, 11 levels left

rFire  . . .     SeeInvis .     I - +1 war axe
rCold  . . .     Clarity  .     (armour unavailable)
rNeg   . . .     SustAb   .     (no shield)
rPois  .         Gourm    .     (helmet restricted)
rElec  .         Spirit   .     (no cloak)
rCorr  .         Warding  .     t - +0 pair of gloves
rMut   .         Stasis   .     k - +1 pair of boots
MR     .....                    (no amulet)
Stlth  +++.......               (no ring)
                                m - ring of stealth

@: not resistant to hostile enchantments, fairly stealthy
A: breathe sticky flames, unfitting armour, cold-blooded, AC +7
a: Breathe Sticky Flame, Lesser Healing, Divine Protection, Renounce Religion


You were in a bailey.
You worshipped Elyvilon.
Elyvilon was aware of your devotion.
You were not hungry.

You visited 1 branch of the dungeon, and saw 7 of its levels.
You also visited: Sewer and Bailey.

You collected 374 gold pieces.

Inventory:

Hand weapons
 q - a +0 arbalest
 I - a +1 war axe (weapon)
Missiles
 s - 11 bolts
Armour
 k - a +1 pair of boots (worn)
 t - a +0 pair of gloves (worn)
Jewellery
 m - a ring of stealth (left hand)
 D - an uncursed amulet of faith
 L - an uncursed amulet of stasis
Magical devices
 H - a wand of enslavement (8)
Scrolls
 e - a scroll of noise {unknown}
 f - 2 scrolls of fog
 j - 2 scrolls of teleportation
 o - a scroll of identify
 p - 3 scrolls of remove curse
 v - a scroll of fear
 y - 2 scrolls of recharging
 J - 2 scrolls of amnesia
Potions
 a - 2 potions of poison
 h - a potion of degeneration
 i - 2 potions of flight
 l - a potion of ambrosia
 n - 2 potions of curing
 r - a potion of brilliance
 x - a potion of might
 z - a potion of resistance {unknown}
 A - 2 potions of magic {unknown}
 C - 2 potions of lignification
 F - a potion of berserk rage {unknown}
 G - 2 potions of invisibility {unknown}
Books
 b - a Young Poisoner's Handbook

   Spells                             Type                      Level
   a - Sting                          Conjuration/Poison           1
   b - Cure Poison                    Poison                       2
   c - Mephitic Cloud                 Conjuration/Poison/Air       3
   d - Olgreb's Toxic Radiance        Poison                       4
   e - Venom Bolt                     Conjuration/Poison           5
 E - a manual of Armour
Comestibles
 c - 3 bread rations
 g - 2 meat rations
 u - 2 beef jerkies
 K - 7 fruits


   Skills:
 + Level 6.9 Fighting
 * Level 8.4 Axes
 + Level 5.9 Dodging
 - Level 1.7 Stealth
 - Level 2.0 Spellcasting
 - Level 4.0 Poison Magic
 * Level 4.5 Invocations


You had 11 spell levels left.
You knew the following spells:

 Your Spells              Type           Power        Failure   Level  Hunger
a - Sting                 Conj/Pois      #...         12%         1    #......


Dungeon Overview and Level Annotations

Branches:
Dungeon (7/15)
 Temple: D:4-7

Altars:
Ashenzari
Dithmenos
Elyvilon
Qazlal
Vehumet
Xom
Yredelemnul

Shops:
D:7 !


Innate Abilities, Weirdness & Mutations

You can spit globs of burning liquid.
You can ignite nearby creatures when you spit burning liquid.
Your weird mottled scales are hard (AC +7).
Your body does not fit into most forms of armour.
Your cold-blooded metabolism reacts poorly to cold.


Message History

You closely miss the orc warrior.
The orc warrior is severely wounded.
The orc warrior closely misses you.
You miss the orc warrior.
The orc warrior is severely wounded.
The orc warrior hits you with a trident!
* * * LOW HITPOINT WARNING * * *
Use which ability? (? or * to list)
You are healed.
You feel somewhat more hungry.
You have got your breath back.
The orc warrior hits you with a trident.
* * * LOW HITPOINT WARNING * * *
You hit the orc warrior.
The orc warrior is severely wounded.
The orc warrior hits you with a trident!
* * * LOW HITPOINT WARNING * * *
Use which ability? (? or * to list)
You are healed.
You feel somewhat more hungry.
The orc warrior hits you with a trident!
You die...

################
#∩.....)........
#@∩.............
#o.............
#(.............
#(.............
#.(...........
#.(.....≈≈≈≈≈
#......≈≈#.#
#......≈##.##
#......≈..^..


You could see an orc warrior.

Vanquished Creatures
  An orc knight (Bailey)
  Eustachio (D:7)
  3 orc warriors (Bailey)
  An ice beast (D:6)
  2 phantoms (D:4)
  2 ogres (D:4)
  2 centaurs (D:6)
  4 giant frogs (D:6)
  2 scorpions
  A quasit (D:7)
  5 hounds
  A jelly (D:5)
  An orc priest (D:5)
  7 orc wizards
  3 iguanas
  5 worker ants
  2 hound zombies (D:6)
  7 adders
  4 giant mites
  9 worms
  2 ufetubi (D:7)
  6 giant geckos
  6 oozes
  32 orcs
  4 giant cockroaches
  7 goblins
  13 hobgoblins
  6 jackals
  14 kobolds
  2 quokkas
  12 bats
  A giant cockroach zombie (D:6)
  7 giant newts
  19 rats
  A spectral orc (D:6)
195 creatures vanquished.

Vanquished Creatures (others)
  2 orc warriors (Bailey)
2 creatures vanquished.

Grand Total: 197 creatures vanquished

Notes
Turn   | Place    | Note
--------------------------------------------------------------
     0 | D:1      | namelastname112, the Draconian Venom Mage, began the quest for the Orb.
     0 | D:1      | Reached XP level 1. HP: 14/14 MP: 3/3
   254 | D:1      | Reached skill level 1 in Fighting
   428 | D:1      | Reached XP level 2. HP: 18/23 MP: 4/4
   608 | D:1      | Reached skill level 1 in Axes
   720 | D:1      | Reached XP level 3. HP: 17/28 MP: 3/6
   913 | D:2      | Found a white marble altar of Elyvilon.
  1479 | D:2      | Reached XP level 4. HP: 34/36 MP: 3/7
  2400 | D:3      | Found a glowing drain.
  2404 | Sewer    | Entered a sewer
  2409 | Sewer    | Reached XP level 5. HP: 30/44 MP: 6/9
  3202 | D:3      | You fall through a shaft for 2 floors!
  3202 | D:5      | Entered Level 5 of the Dungeon
  3300 | D:4      | Reached XP level 6. HP: 51/51 MP: 6/10
  4290 | D:4      | Noticed a phantom
  4369 | D:4      | Killed a phantom
  4621 | D:4      | Found a shattered altar of Ashenzari.
  4766 | D:4      | Noticed a phantom
  4805 | D:4      | Your scales start taking on a weird mottled pattern.
  4805 | D:4      | Reached XP level 7. HP: 34/59 MP: 10/12
  5049 | D:4      | Killed a phantom
  5049 | D:4      | Reached skill level 5 in Axes
  5201 | D:4      | Reached skill level 5 in Fighting
  5652 | D:5      | Found a shimmering altar of Xom.
  6192 | D:5      | Reached skill level 6 in Axes
  6195 | D:5      | Reached XP level 8. HP: 56/68 MP: 13/13
  6736 | D:6      | Reached skill level 5 in Dodging
  6843 | D:6      | Reached skill level 7 in Axes
  6942 | D:6      | Found a shadowy altar of Dithmenos.
  6947 | D:6      | Found a radiant altar of Vehumet.
  7114 | D:2      | Became a worshipper of Elyvilon the Healer
  7380 | D:6      | Reached skill level 1 in Invocations
  7503 | D:6      | Found a stormy altar of Qazlal.
  7636 | D:6      | Found a basalt altar of Yredelemnul.
  8025 | D:7      | Found Lesm's Distillery.
  8077 | D:7      | Acquired Elyvilon's first power
  8211 | D:7      | Found a flagged portal.
  8212 | D:7      | Noticed Eustachio
  8243 | D:7      | Killed Eustachio
  8243 | D:7      | Reached XP level 9. HP: 50/78 MP: 14/14
  8288 | Bailey   | Entered a bailey
  8711 | Bailey   | Reached skill level 8 in Axes
  8827 | Bailey   | Noticed an orc knight
  8847 | Bailey   | Killed an orc knight
  8939 | Bailey   | Slain by an orc warrior

Action                   |  1- 3 |  4- 6 |  7- 9 || total
-------------------------+-------+-------+-------++-------
Melee: Unarmed           |    16 |       |       ||    16
       Dagger            |     5 |       |       ||     5
       Hand axe          |    70 |   320 |   107 ||   497
       War axe           |       |       |   265 ||   265
 Fire: Arbalest          |       |       |     8 ||     8
 Cast: Sting             |    23 |    63 |    31 ||   117
Invok: Lesser Healing    |       |       |     5 ||     5
 Abil: Breathe Sticky Fl |       |       |     8 ||     8
Evoke: Wand              |       |       |     6 ||     6
  Use: Potion            |       |     2 |     4 ||     6
       Scroll            |       |       |    23 ||    23
 Stab: Distracted        |     1 |       |     1 ||     2
       Sleeping          |     2 |     5 |    11 ||    18
  Eat: Royal jelly       |     1 |       |       ||     1
       Chunk             |       |     6 |    10 ||    16
       Meat ration       |       |     1 |     1 ||     2
       Beef jerky        |       |     1 |       ||     1
       Bread ration      |       |       |     1 ||     1
